 Dungeon Crawl Stone Soup version 0.27.1-34-g3ba077fa99 (webtiles) character file.

Game seed: 9443028908658859895

118 styxcanada the Sneak (level 4, -1/23 HPs)
             Began as a Spriggan Brigand on Jan 20, 2022.
             Slain by a water moccasin skeleton (2 damage)
             ... on level 6 of the Dungeon on Jan 22, 2022.
             The game lasted 00:12:14 (3497 turns).

styxcanada the Sneak (Spriggan Brigand)             Turns: 3497, Time: 00:12:15

Health: -1/23      AC:  4    Str:  7    XL:     4   Next: 72%
Magic:  5/5        EV: 17    Int: 18    God:
Gold:   127        SH:  0    Dex: 17    Spells: 3/3 levels left

rFire    . . .     SeeInvis +   a - +2 dagger
rCold    . . .     Faith    .   (shield restricted)
rNeg     . . .     Spirit   .   b - +0 robe
rPois    .         Reflect  .   (helmet restricted)
rElec    .         Harm     .   c - +1 cloak
rCorr    .         Rampage  .   (gloves unavailable)
Will     .....                  (boots unavailable)
Stlth    ++++......             (no amulet)
HPRegen  0.07/turn              i - +6 ring of intelligence
MPRegen  0.09/turn              (no ring)

@: attractive, very quick
A: very small, no large weapons, unfitting armour, see invisible, speed 3,
screaming 1
a: no special abilities


You were on level 6 of the Dungeon.
You visited 1 branch of the dungeon, and saw 5 of its levels.

You collected 127 gold pieces.

Inventory:

Hand Weapons
 a - a +2 dagger (weapon)
 j - a +2 dagger of pain
Missiles
 d - 75 stones (quivered)
 e - a poisoned dart
 l - a curare-tipped dart
 m - 40 sling bullets
Armour
 b - a +0 robe (worn)
 c - a +1 cloak (worn)
Jewellery
 i - a +6 ring of intelligence (left hand)
Scrolls
 f - a scroll of enchant armour
Potions
 k - a potion of cancellation {unknown}
 o - a potion of curing {unknown}


   Skills:
 + Level 2.0 Fighting
 + Level 3.4 Short Blades
 + Level 2.7 Throwing
 + Level 2.0 Dodging
 + Level 7.3 Stealth


You had 3 spell levels left.
You didn't know any spells.
Your spell library contained the following spells:

 Spells                   Type           Power      Damage    Failure   Level
 Beastly Appendage        Tmut           0%         N/A       22%         1
 Wereblood                Tmut           0%         N/A       32%         2
 Gell's Gravitas          Tloc           0%         N/A       54%         3
 Lesser Beckoning         Tloc           0%         N/A       54%         3
 Spider Form              Tmut/Pois      0%         N/A       54%         3
 Teleport Other           Tloc           0%         N/A       54%         3


Dungeon Overview and Level Annotations

Branches:
Dungeon (4/15)
 Temple: D:4-7

Altars:
Fedhas
Hepliaklqana
Qazlal
Sif Muna


Innate Abilities, Weirdness & Mutations

You are very small and have problems with some larger weapons.
You are too small for most types of armour.
You have supernaturally acute eyesight. (SInv)
You cover ground extremely quickly. (Speed+++)
You occasionally shout uncontrollably at your foes.


Message History

The orc looks frightened!
The orc wizard looks frightened!
It was a scroll of fear.
The water moccasin skeleton completely misses you.
The orc cries, "Help!"
You hit the water moccasin skeleton but do no damage.
The water moccasin skeleton misses you.
You hit the water moccasin skeleton.
The water moccasin skeleton is lightly damaged.
The water moccasin skeleton misses you.
You hit the water moccasin skeleton.
The water moccasin skeleton is moderately damaged.
The water moccasin skeleton barely misses you.
You closely miss the water moccasin skeleton.
The water moccasin skeleton is moderately damaged.
The water moccasin skeleton misses you.
You hit the water moccasin skeleton.
The water moccasin skeleton is moderately damaged.
The water moccasin skeleton bites you but does no damage.
You hit the water moccasin skeleton.
The water moccasin skeleton is heavily damaged.
The water moccasin skeleton bites you!
You hit the water moccasin skeleton.
The water moccasin skeleton is severely damaged.
The water moccasin skeleton bites you.
* * * LOW HITPOINT WARNING * * *
You hit the water moccasin skeleton but do no damage.
The water moccasin skeleton is severely damaged.
The water moccasin skeleton bites you.
* * * LOW HITPOINT WARNING * * *
You hit the water moccasin skeleton.
The water moccasin skeleton is severely damaged.
The water moccasin skeleton bites you but does no damage.
It was a potion of attraction.
You feel attractive to monsters.
The water moccasin skeleton closely misses you.
It was a potion of mutation.
You feel extremely strange.
You feel clever.
You feel the urge to shout.
You feel stupid.
The water moccasin skeleton closely misses you.
The water moccasin skeleton bites you.
You die...

###.........#
##..........#
#.....))....#
##....###..##
#...# ##.##
##.( #..# ##.
##.## # ##Z##
##@## ##.#
###


You could see a water moccasin skeleton.

Vanquished Creatures
  An orc wizard (D:6)
  3 adders
  3 worms
  3 dart slugs
  2 orcs
  5 endoplasms
  3 giant cockroaches
  4 goblins
  4 hobgoblins
  2 jackals (D:2)
  A kobold (D:1)
  2 quokkas
  4 ball pythons
  4 bats
  4 frilled lizards
  2 rats
47 creatures vanquished.

Vanquished Creatures (others)
  10 fungi (D:3)
  2 plants (D:3)
12 creatures vanquished.

Grand Total: 59 creatures vanquished

Notes
Turn   | Place    | Note
-------+----------+-------------------------------------------
     0 | D:1      | styxcanada the Spriggan Brigand began the quest for the
                  | Orb.
     0 | D:1      | Reached XP level 1. HP: 10/10 MP: 2/2
   119 | D:1      | Reached skill level 6 in Stealth
   753 | D:1      | Reached XP level 2. HP: 6/14 MP: 3/3
  1488 | D:2      | Reached XP level 3. HP: 18/18 MP: 4/4
  2117 | D:2      | Reached skill level 7 in Stealth
  2398 | D:3      | Found a blossoming altar of Fedhas.
  2624 | D:3      | Reached XP level 4. HP: 19/23 MP: 5/5
  2710 | D:3      | Found a hazy altar of Hepliaklqana.
  3111 | D:3      | Found a shimmering blue altar of Sif Muna.
  3111 | D:3      | Found a stormy altar of Qazlal.
  3422 | D:4      | Noticed a scorpion
  3468 | D:4      | You fall into a shaft and drop 2 floors!
  3494 | D:6      | HP: 1/23 [water moccasin skeleton (5)]
  3497 | D:6      | Gained mutation: Your mind is acute. (Int +2) [potion of
                  | mutation]
  3497 | D:6      | Gained mutation: You occasionally shout uncontrollably at
                  | your foes. [potion of mutation]
  3497 | D:6      | Lost mutation: Your mind is acute. (Int +2) [potion of
                  | mutation]
  3497 | D:6      | Slain by a water moccasin skeleton

Illustrated notes

Levels and vault maps discovered:
D:1:      dpeg_arrival_tiny_i, layout_loops_ring
D:2:      layout_loops_ring, nrook_campfire, minmay_misc_feat_ornament
D:3:      layout_rooms, nzn_hepliaklqana_mist_gate, fedhas_altar_3,
          gammafunk_temple_overflow_statue
D:4:      layout_cave_pods
D:6:      layout_layer_cave, nemelex_diamond_rough_becter,
          yredelemnul_altar_generic, nicolae_ossuary_entry_plus,
          kennysheep_another_room, minmay_ogre_servants

Skill      XL: |  1  2  3  4 |
---------------+-------------+-----
Stealth        | 6 7 |  7.3
Short Blades   | 3 |  3.4
Fighting       | 2 |  2.0
Dodging        | 2 |  2.0
Throwing       | |  2.7

Action                   |  1- 3 |  4- 6 || total
-------------------------+-------+-------++-------
Melee: Dagger            |    96 |    41 ||   137
Throw: Dart              |    36 |    12 ||    48
       Stone             |       |     1 ||     1
  Use: Scroll            |       |     4 ||     4
       Potion            |       |     2 ||     2
 Stab: Sleeping          |     9 |     9 ||    18
Armor: Robe              |    11 |     8 ||    19
Dodge: Dodged            |    46 |    27 ||    73
